 Dungeon Crawl Stone Soup version 0.23.2-30-g0e89c35649 (webtiles) character file.

Game seed: 3364370358132746733

175333 raph the Warrior (level 17, -16/158 HPs)
             Began as a Minotaur Fighter on May 30, 2019.
             Was the Champion of Ashenzari.
             Killed from afar by a frost giant (29 damage)
             ... with a bolt of cold
             ... on level 4 of the Shoals on June 8, 2019.
             The game lasted 01:49:54 (41251 turns).

raph the Warrior (Minotaur Fighter)                Turns: 41251, Time: 01:49:55

Health: -16/158    AC: 31    Str: 22    XL:     17   Next: 47%
Magic:  23/23      EV: 14    Int: 10    God:    Ashenzari [******]
Gold:   364        SH: 15    Dex: 16    Spells: 16/16 levels left

rFire    + . .     SeeInvis +   a - +6 scimitar (flame) (curse)
rCold    . . .     Gourm    .   c - +0 shield (curse)
rNeg     . . .     Faith    .   N - +3 plate armour {rF+} (curse)
rPois    +         Spirit   .   (helmet restricted)
rElec    +         Reflect  .   x - +1 cloak (curse)
rCorr    .         Harm     .   J - -2 pair of gloves of Weightlessness {rElec Int+5} (curse)
MR       +....     Clarity  +   R - +2 pair of boots {run} (curse)
Stlth    ..........             C - amulet of rage
HPRegen  0.36/turn              B - ring of poison resistance
MPRegen  0.18/turn              I - +4 ring of protection

@: quick
A: retaliatory headbutt, horns 2
a: Curse Item, Scrying, Transfer Knowledge, Renounce Religion, Evoke Berserk
Rage


You were on level 4 of the Shoals.
You worshipped Ashenzari.
Ashenzari was exalted by your worship.
You were not hungry.

You visited 4 branches of the dungeon, and saw 27 of its levels.
You also visited: Ice Cave.

You collected 2389 gold pieces.
You spent 2025 gold pieces at shops.

Inventory:

Hand Weapons
 a - a cursed +6 scimitar of flaming (weapon)
 e - the +1 long sword "Gibrois" {holy, rPois MP+9 Str+5 Int+2}
   (You found it on level 14 of the Dungeon)

   It has been blessed by the Shining One to cause great damage to the undead
   and demons.
   It affects your strength (+5).
   It affects your intelligence (+2).
   It protects you from poison.
   It affects your magic capacity (+9).
Missiles
 k - 94 tomahawks
 K - 2 silver tomahawks
 Q - 6 javelins of penetration (quivered)
 U - 26 steel javelins
 V - 9 javelins
Armour
 c - a cursed +0 shield (worn)
 x - a cursed +1 cloak (worn)
 J - the cursed -2 pair of gloves of Weightlessness (worn) {rElec Int+5}
   (You bought it in a shop on level 10 of the Dungeon)

   It affects your intelligence (+5).
   It insulates you from electricity.
   It has a curse placed upon it.
 N - a cursed +3 plate armour of fire resistance (worn)
 O - a cursed +0 pair of gloves of dexterity
 R - a cursed +2 pair of boots of running (worn)
Jewellery
 m - an uncursed ring of wizardry
 A - an uncursed ring of fire
 B - a ring of poison resistance (left hand)
 C - an amulet of rage (around neck)
 I - a +4 ring of protection (right hand)
 M - an uncursed ring of positive energy
 S - a +4 ring of dexterity
Wands
 b - a wand of polymorph (20)
 l - a wand of iceblast (33)
 p - a wand of disintegration (8)
 r - a wand of flame (78)
 t - a wand of paralysis (35)
 v - a wand of enslavement (21)
 F - a wand of digging (4)
 H - a wand of acid (1)
Scrolls
 d - 6 scrolls of amnesia
 i - 9 scrolls of teleportation
 q - 3 scrolls of fog
 w - 7 scrolls of fear
 y - a scroll of remove curse
 z - a scroll of magic mapping
 G - 4 scrolls of identify
Potions
 g - 5 potions of brilliance
 h - a potion of resistance
 j - 8 potions of curing
 n - a potion of haste
 o - 3 potions of magic
 s - a potion of heal wounds
 u - 4 potions of agility
 D - 3 potions of flight
 E - a potion of cancellation
 L - 2 potions of berserk rage
Miscellaneous
 P - a phantom mirror
Comestibles
 f - 37 rations
 T - a chunk of flesh


   Skills:
 + Level 16.1 Fighting
 - Level 15.9(19.8) Long Blades
 + Level 11.5 Throwing
 - Level 12.8(16.9) Armour
 - Level 12.1 Dodging
 - Level 13.8(16.4) Shields
 - Level 10.3 Evocations


You had 16 spell levels left.
You didn't know any spells.
Your spell library contained the following spells:

 Spells                   Type           Power        Failure   Level  Hunger
 Animate Skeleton         Necr           N/A          97%         1    ##.....
 Apportation              Tloc           #.....       97%         1    ##.....
 Confusing Touch          Hex            #.....       97%         1    ##.....
 Corona                   Hex            #......      97%         1    ##.....
 Magic Dart               Conj           #...         97%         1    ##.....
 Summon Butterflies       Summ           #.......     97%         1    ##.....
 Summon Small Mammal      Summ           #...         97%         1    ##.....
 Call Imp                 Summ           #.......     99%         2    ###....
 Ensorcelled Hibernation  Hex/Ice        #.....       99%         2    ###....
 Searing Ray              Conj           #.....       99%         2    ###....
 Call Canine Familiar     Summ           #.......     100%        3    ####...
 Confuse                  Hex            #.......     100%        3    ####...
 Dazzling Spray           Conj/Hex       #.....       100%        3    ####...
 Gell's Gravitas          Tloc           #.........   100%        3    ####...
 Mephitic Cloud           Conj/Pois/Air  #.......     100%        3    ####...
 Summon Guardian Golem    Hex/Summ       #.......     100%        3    ####...
 Tukima's Dance           Hex            #.......     100%        3    ####...
 Force Lance              Conj/Tloc      #.......     100%        4    #####..
 Fulminant Prism          Conj/Hex       #.........   100%        4    #####..
 Iskenderun's Mystic Bla  Conj           #.......     100%        4    #####..
 Petrify                  Tmut/Erth      #.......     100%        4    #####..
 Summon Ice Beast         Ice/Summ       #.......     100%        4    #####..
 Summon Lightning Spire   Summ/Air       #.......     100%        4    #####..
 Aura of Abjuration       Summ           #.........   100%        5    ######.
 Metabolic Englaciation   Hex/Ice        #.........   100%        5    ######.
 Yara's Violent Unravell  Hex/Tmut       #.........   100%        5    ######.
 Freezing Cloud           Conj/Ice/Air   #.........   100%        6    #######


Dungeon Overview and Level Annotations

Branches:
Dungeon (15/15)            Temple (0/1) D:7            Lair (6/6) D:9
 Shoals (4/4) Lair:2       Spider (0/4) Lair:2        Slime (0/5) Lair:5
    Orc (2/2) D:12            Elf (0/3) Orc:2        Vaults (0/5) D:13
 Depths (0/5) D:15

Altars:
Ashenzari
Cheibriados
Dithmenos
Fedhas
Gozag
Hepliaklqana
Okawaru
Qazlal
Ru
Trog
Uskayaw
Vehumet
Beogh

Shops:
D:4 (   D:10 }*?[=   D:11 ?   D:12 [   D:13 ?   Orc:2 *?::   Shoals:1 *

Annotations:
D:3 2 exclusions
D:13 2 transporters, aelisj's ghost, journeyman DgCj
D:14 exclusion: Roxanne, Roxanne
Lair:5 exclusion: 4 oklob plants


Innate Abilities, Weirdness & Mutations

You reflexively headbutt those who attack you in melee.
You have a pair of horns on your head.


Message History

You feel much better. You block the merfolk impaler's attack.
The frost giant hits you with a +1 battleaxe of freezing!
* * * LOW HITPOINT WARNING * * *
The frost giant freezes you.
* * * LOW HITPOINT WARNING * * *
The merfolk impaler closely misses you.
The merfolk siren chants a haunting song.
You are unaffected.
You feel much better. The frost giant casts a spell at you.
The bolt of cold hits you!!!
* * * LOW HITPOINT WARNING * * *
As you read the scroll of fear, it crumbles to dust.
You assume a fearsome visage.
The merfolk impaler looks frightened!
The satyr looks frightened!
The merfolk siren looks frightened!
The frost giant resists with almost no effort.
The merfolk impaler cries, "Mercy!"
The frost giant casts a spell at you. The bolt of cold hits you!!
You die...

≈≈≈ ≈≈≈ ≈ ≈≈≈ ≈≈≈ ≈ ≈≈ ≈ ≈ ≈
≈ ≈ ≈≈≈≈≈≈≈≈≈≈≈≈≈≈≈≈ ≈ ≈≈≈ ≈
≈ ≈≈ ≈≈≈≈≈≈≈≈≈≈≈≈≈≈≈ ≈≈ ≈ ≈ ≈
≈ ≈≈≈≈≈≈≈≈≈≈≈≈≈≈≈≈≈ ≈≈ ≈≈ ≈
≈≈≈ ≈≈≈≈≈≈≈≈≈≈≈≈≈≈≈≈ ≈≈≈≈ ,
≈≈≈≈ ≈≈≈≈≈≈≈≈≈≈≈≈≈≈≈≈≈≈≈ ≈ ≈
≈ ,* ≈ ≈ ≈ * *#≈≈.....≈≈≈≈≈≈
≈≈≈≈≈,*
≈≈≈≈≈#######≈≈.......≈≈≈≈ ≈≈
≈ * ≈≈≈###.###.###..@.....≈≈
≈ ≈≈≈##...≈.(.##.......≈≈≈ ≈
,**
≈≈≈###?#.#.###..C.....≈≈≈≈≈≈≈
* ≈.≈###≈.φ.≈.##........≈≈
≈≈≈ *
≈≈≈##..#.#..#≈......≈≈≈≈≈≈≈ *
≈..≈#...≈...##.....≈≈≈≈≈≈ ≈,
* ...###.≈#.c)#.m....≈≈≈≈≈≈≈,
* ≈..≈.#######....)..≈≈≈≈≈≈
,, , ,
≈≈...≈#≈#≈#≈m.....≈≈≈≈≈≈≈≈ ,
,,,


You could see a frost giant and a merfolk impaler (fleeing).

Vanquished Creatures
  Jorgrun (Shoals:3)
  Ilsuiw (Shoals:2)
  Kirke (Lair:6)
  2 orc warlords
  5 merfolk javelineers
  Snorg (Orc:2)
  9 merfolk impalers
  Josephine (D:11)
  A yaktaur captain (D:15)
  7 hydras
  4 vault guards (D:13)
  An ice dragon (D:12)
  An alligator snapping turtle (Shoals:2)
  4 merfolk avatars
  A death knight (D:14)
  3 two-headed ogres
  2 centaur warriors (D:15)
  2 satyrs (Shoals:3)
  5 orc high priests (Orc:2)
  3 death yaks (Lair:5)
  A tengu warrior (D:14)
  2 unseen horrors
  11 sea snakes
  2 phantasmal warriors (D:14)
  3 harpies (Shoals:2)
  A lindwurm (Lair:5)
  2 deep elf magi
  6 orc knights (Orc:2)
  14 ugly things
  5 manticores
  An oklob plant (Lair:6)
  9 cyclopes
  5 orc sorcerers
  4 fauns (Shoals:2)
  3 elephants (Lair:6)
  7 merfolk sirens (Shoals:2)
  7 black mambas
  2 centaur zombies (D:15)
  Maurice (D:10)
  4 water nymphs
  2 ice statues (IceCv)
  25 spiny frogs
  3 efreet
  A yaktaur (D:15)
  5 kobold demonologists
  3 rime drakes
  2 freezing wraiths (D:14)
  7 komodo dragons
  27 merfolk
  A meliai (shapeshifter) (D:13)
  2 polar bears
  7 trolls
  A wind drake (Shoals:2)
  4 meliai
  5 tyrant leeches (Lair:6)
  Grinder (D:3)
  A hornet (D:9)
  6 hippogriffs
  A meliai zombie (D:15)
  5 snapping turtles
  14 blink frogs
  5 dream sheep
  6 slime creatures (D:15)
  3 shadows
  A centaur simulacrum (D:15)
  5 wraiths
  6 water elementals
  2 redbacks (Lair:2)
  59 yaks
  4 wyverns
  A human (D:11)
  5 basilisks
  9 vampire mosquitoes
  3 hungry ghosts
  Edmund (D:6)
  2 acid dragons
  2 wargs
  A soldier ant (D:13)
  7 porcupines
  24 water moccasins
  A black bear (Lair:3)
  7 ice beasts
  3 phantoms
  18 ogres
  4 sky beasts
  3 necrophages
  51 orc warriors
  2 eyes of draining
  12 wolves
  14 centaurs
  7 crocodiles
  26 bullfrogs
  5 big kobolds
  2 wyvern zombies
  8 scorpions
  2 wyvern skeletons (D:14)
  A water moccasin skeleton (D:7)
  A hornet simulacrum (D:12)
  18 killer bees
  5 wights (D:8)
  5 howler monkeys
  3 jellies
  6 electric eels
  4 crimson imps
  A quasit (D:12)
  A bullfrog zombie (D:7)
  31 orc priests
  A bullfrog skeleton (D:6)
  7 hounds
  5 centaur skeletons
  Ijyb (D:5)
  8 iguanas
  Natasha (thrice) (D:4)
  23 orc wizards
  12 worker ants
  3 hound zombies (D:6)
  3 worker ant zombies
  Robin (D:2)
  30 adders
  4 shadow imps
  12 white imps (D:13)
  An ooze (D:2)
  5 adder skeletons
  4 worms
  2 dart slugs
  11 leopard geckos
  133 orcs
  2 ball pythons
  8 bats
  6 giant cockroaches
  19 goblins
  5 hobgoblins
  2 jackals (D:7)
  22 kobolds
  5 quokkas
  12 frilled lizards
  A leopard gecko skeleton (D:8)
  2 leopard gecko zombies
  A quokka skeleton (D:8)
  10 rats
  A plant (Shoals:3)
1020 creatures vanquished.

Vanquished Creatures (others)
  15 fungi
  46 plants
  4 tentacles (Shoals:3)
65 creatures vanquished.

Grand Total: 1085 creatures vanquished

Notes
Turn   | Place    | Note
-------+----------+-------------------------------------------
     0 | D:1      | raph the Minotaur Fighter began the quest for the Orb.
     0 | D:1      | Reached XP level 1. HP: 19/19 MP: 0/0
    68 | D:1      | Reached XP level 2. HP: 23/26 MP: 1/1
   536 | D:2      | Reached XP level 3. HP: 31/31 MP: 2/2
   553 | D:2      | Found a shattered altar of Ashenzari.
   564 | D:2      | Became a worshipper of Ashenzari the Shackled
  1128 | D:2      | Found a hide-covered altar of Uskayaw.
  1134 | D:2      | Noticed Robin
  1139 | D:2      | Reached XP level 4. HP: 39/39 MP: 3/3
  1158 | D:2      | Killed Robin
  1329 | D:2      | Found a stormy altar of Qazlal.
  1544 | D:2      | Reached skill level 5 in Long Blades
  1758 | D:3      | Reached XP level 5. HP: 25/45 MP: 4/4
  1982 | D:3      | Noticed Grinder
  1983 | D:3      | Paralysed by Grinder for 6 turns
  1994 | D:3      | HP: 2/45 [Grinder (4)]
  1995 | D:3      | Paralysed by Grinder for 4 turns
  2001 | D:3      | Killed Grinder
  2001 | D:3      | Reached skill level 5 in Armour
  2001 | D:3      | Reached skill level 5 in Shields
  2001 | D:3      | Reached XP level 6. HP: 12/51 MP: 5/5
  2245 | D:3      | Found an iron altar of Okawaru.
  2352 | D:3      | Found a blossoming altar of Fedhas.
  3161 | D:4      | Reached * piety under Ashenzari
  3312 | D:4      | Reached XP level 7. HP: 52/57 MP: 6/6
  3448 | D:4      | Noticed Natasha
  3453 | D:4      | Killed Natasha
  3497 | D:4      | Noticed Natasha
  3507 | D:4      | Found a radiant altar of Vehumet.
  3515 | D:4      | Killed Natasha
  3772 | D:4      | Found Vyloehau's Antique Weapon Shoppe.
  3918 | D:4      | Noticed Natasha
  3929 | D:4      | Killed Natasha
  4437 | D:5      | Entered Level 5 of the Dungeon
  4622 | D:5      | Noticed Ijyb
  4642 | D:5      | Killed Ijyb
  4646 | D:5      | Reached XP level 8. HP: 54/64 MP: 7/7
  5674 | D:6      | Noticed Edmund
  5690 | D:6      | Killed Edmund
  5802 | D:6      | Reached skill level 10 in Long Blades
  6274 | D:6      | Reached XP level 9. HP: 66/70 MP: 8/8
  6916 | D:7      | Found a staircase to the Ecumenical Temple.
  6940 | D:7      | Reached ** piety under Ashenzari
  8512 | D:8      | Reached skill level 10 in Shields
  8846 | D:8      | Noticed a two-headed ogre
  8865 | D:8      | Killed a two-headed ogre
  8865 | D:8      | Reached XP level 10. HP: 68/77 MP: 9/9
 10058 | D:9      | Found a staircase to the Lair.
 10665 | D:9      | Reached *** piety under Ashenzari
 10696 | D:9      | Found a shadowy altar of Dithmenos.
 10784 | D:9      | Reached skill level 4 in Fighting
 10784 | D:9      | Reached skill level 1 in Throwing
 11266 | D:9      | Found a snail-covered altar of Cheibriados.
 11271 | D:9      | Found a hazy altar of Hepliaklqana.
 11271 | D:9      | Found a sacrificial altar of Ru.
 11277 | D:9      | Found a blossoming altar of Fedhas.
 11725 | Lair:1   | Entered Level 1 of the Lair of Beasts
 11850 | Lair:1   | Reached XP level 11. HP: 57/85 MP: 10/10
 12009 | Lair:1   | Reached skill level 5 in Fighting
 12510 | Lair:2   | Reached **** piety under Ashenzari
 12668 | Lair:2   | Reached skill level 1 in Evocations
 12675 | Lair:2   | Found a hole to the Spider Nest.
 13049 | Lair:2   | Noticed a seven-headed hydra
 13385 | Lair:3   | Noticed a seven-headed hydra
 13586 | Lair:2   | Reached skill level 6 in Fighting
 14247 | Lair:3   | Reached ***** piety under Ashenzari
 14352 | Lair:4   | Reached skill level 7 in Fighting
 14815 | Lair:4   | Identified the +4 leather armour of Anarchy {rC+ Int+4
                  | Stlth+}
 15493 | Lair:4   | Reached skill level 10 in Armour
 15620 | Lair:4   | Reached skill level 5 in Throwing
 15632 | Lair:4   | Reached skill level 8 in Fighting
 15641 | Lair:4   | Reached XP level 12. HP: 101/101 MP: 14/14
 16390 | Lair:5   | Noticed a death yak
 16390 | Lair:5   | Noticed a death yak
 16392 | Lair:5   | Noticed a death yak
 16443 | Lair:5   | Reached skill level 5 in Evocations
 16623 | Lair:5   | Killed a death yak
 16631 | Lair:5   | Killed a death yak
 16634 | Lair:5   | Reached skill level 9 in Fighting
 16644 | Lair:5   | Killed a death yak
 16971 | Lair:5   | Noticed a seven-headed hydra
 17432 | D:10     | Entered Level 10 of the Dungeon
 17670 | D:10     | Found Zaotuof's Jewellery Boutique.
 17680 | D:10     | Bought a +4 ring of protection for 360 gold pieces
 17704 | D:10     | Noticed Maurice
 17745 | D:10     | Found Decsoad's Antique Armour Boutique.
 17782 | D:10     | Found Geus's Gadget Shop.
 17872 | D:10     | Found Kaaptu's General Store.
 18266 | D:10     | Killed Maurice
 18304 | D:10     | Found Hiepaega's Magic Scroll Boutique.
 18309 | D:10     | Identified the cursed +0 robe of the Original Sin {rN+}
 18578 | D:10     | Identified the +2 robe of Hopscotch {rF+ Regen+}
 18735 | D:11     | Reached skill level 10 in Fighting
 18847 | D:10     | Bought a pair of heavily runed gloves for 285 gold pieces
 18852 | D:10     | Identified the cursed -2 pair of gloves of Weightlessness
                  | {rElec Int+5} (You bought it in a shop on level 10 of the
                  | Dungeon)
 19043 | D:11     | Noticed Josephine
 19057 | D:11     | Killed Josephine
 19097 | D:11     | Found Utahuat's Magic Scroll Shop.
 19101 | D:11     | Identified the Papyrus of Supportive Flight
 19608 | D:12     | Found Cheibriados's Comfort Zone.
 19608 | D:12     | Found a snail-covered altar of Cheibriados.
 20003 | D:12     | Found a staircase to the Orcish Mines.
 20055 | D:12     | Reached skill level 11 in Fighting
 20060 | D:12     | Reached XP level 13. HP: 116/116 MP: 17/17
 21064 | Orc:1    | Entered Level 1 of the Orcish Mines
 21064 | Orc:1    | Noticed an orc warlord
 21178 | D:12     | Killed an orc warlord
 21859 | Orc:1    | Reached ****** piety under Ashenzari
 22064 | Orc:2    | Entered Level 2 of the Orcish Mines
 22188 | Orc:2    | Noticed Snorg
 22568 | Orc:2    | Killed Snorg
 23334 | Orc:2    | Found a staircase to the Elven Halls.
 23690 | Orc:2    | Found Reacvys's Book Shop.
 23776 | Orc:2    | Noticed an orc warlord
 23802 | Orc:2    | Killed an orc warlord
 24062 | Orc:2    | Found a roughly hewn altar of Beogh.
 24328 | Orc:2    | Found Qex Soti's Book Boutique.
 24884 | Orc:2    | Found a roughly hewn altar of Beogh.
 24899 | Orc:2    | Reached XP level 14. HP: 121/125 MP: 20/20
 25412 | Orc:2    | Found Citeilearr's Magic Scroll Emporium.
 25479 | Orc:2    | Found Aluaz's Assorted Antiques.
 25498 | Orc:2    | Bought a potion of heal wounds for 145 gold pieces
 26333 | D:4      | Bought a glowing long sword for 123 gold pieces
 26535 | D:13     | Reached skill level 12 in Fighting
 26724 | D:13     | Found a frozen archway.
 26835 | IceCv    | Entered an ice cave
 26862 | IceCv    | Found a transporter.
 27038 | IceCv    | Found a transporter.
 27523 | D:13     | Found a bloodstained altar of Trog.
 27523 | D:13     | Noticed aelisj's ghost (journeyman DgCj)
 27524 | D:13     | Found a transporter.
 27524 | D:13     | Noticed a stone giant
 27526 | D:13     | Found Lasick's Magic Scroll Emporium.
 27543 | D:13     | Bought a scroll of brand weapon for 240 gold pieces
 27555 | D:13     | Identified the +7 morningstar of Chaos {vamp, Int+4}
 27563 | D:13     | Found a transporter.
 27598 | D:13     | Bought a scroll of enchant weapon for 90 gold pieces
 27763 | D:13     | Found an opulent altar of Gozag.
 28115 | D:13     | Bought 3 scrolls of remove curse for 108 gold pieces
 28221 | D:11     | Bought a scroll of enchant armour for 120 gold pieces
 28352 | D:13     | Found a gate to the Vaults.
 28364 | D:13     | Reached skill level 10 in Evocations
 28593 | D:13     | Reached XP level 15. HP: 134/134 MP: 21/21
 29333 | D:14     | Identified the +1 leather armour "Ores" {*Corrode Int+2
                  | Dex+8}
 29342 | D:14     | Reached skill level 13 in Fighting
 29747 | D:14     | Reached skill level 5 in Dodging
 29957 | D:14     | Noticed Roxanne
 30675 | D:14     | Identified the +1 long sword "Gibrois" {holy, rPois MP+9
                  | Str+5 Int+2}
 30870 | D:15     | Entered Level 15 of the Dungeon
 31023 | D:15     | Reached XP level 16. HP: 127/144 MP: 22/22
 31363 | D:15     | Found a staircase to the Depths.
 31775 | Lair:2   | Found a staircase to the Shoals.
 33023 | Lair:5   | Found a staircase to the Slime Pits.
 33586 | Lair:5   | Reached skill level 14 in Fighting
 33891 | Lair:6   | Entered Level 6 of the Lair of Beasts
 33891 | Lair:6   | Found a radiant altar of Vehumet.
 34128 | Lair:6   | Reached skill level 15 in Long Blades
 34853 | Lair:6   | Reached skill level 10 in Dodging
 35272 | Lair:6   | Identified a scroll of acquirement
 35641 | Lair:6   | Noticed Kirke
 35661 | Lair:6   | Killed Kirke
 35804 | Lair:6   | Upgraded the game from 0.23.2-1-ga50397a to
                  | 0.23.2-30-g0e89c35649
 35885 | Shoals:1 | Entered Level 1 of the Shoals
 36119 | Shoals:1 | Found Cygeasua's Assorted Antiques.
 36130 | Shoals:1 | Bought a pair of embroidered boots for 240 gold pieces
 36130 | Shoals:1 | Identified a +1 pair of boots of running (You bought it in
                  | a shop on level 1 of the Shoals)
 36305 | D:10     | Bought a scroll of remove curse for 45 gold pieces
 36305 | D:10     | Bought a scroll of enchant weapon for 112 gold pieces
 36305 | D:10     | Bought a scroll of remove curse for 45 gold pieces
 36305 | D:10     | Bought a scroll of enchant armour for 112 gold pieces
 37017 | Shoals:2 | Noticed Ilsuiw
 37241 | Shoals:2 | Killed Ilsuiw
 37241 | Shoals:2 | Reached skill level 10 in Throwing
 37795 | Shoals:2 | Reached skill level 15 in Fighting
 37795 | Shoals:2 | Reached XP level 17. HP: 58/156 MP: 23/23
 40305 | Shoals:3 | Noticed Jorgrun
 40324 | Shoals:3 | Killed Jorgrun
 40610 | Shoals:3 | Noticed a kraken
 40702 | Shoals:4 | Entered Level 4 of the Shoals
 40975 | Shoals:4 | Reached skill level 16 in Fighting
 41251 | Shoals:4 | Killed from afar by a frost giant

Skill      XL: |  1  2  3  4  5  6  7  8  9 10 11 12 13 14 15 16 17 |
---------------+----------------------------------------------------+-----
Long Blades    | 3 4 5 6 7 8 10 12 13 14 15 | 15.9
Armour         | 4 5 6 7 8 10 11 12 | 12.8
Shields        | 4 5 6 7 11 13 | 13.8
Fighting       | 4 8 11 12 13 15 16 | 16.1
Throwing       | 2 5 6 8 9 10 11 | 11.5
Evocations     | 4 7 9 10 | 10.3
Dodging        | 2 7 11 12 | 12.1

Action                   |  1- 3 |  4- 6 |  7- 9 | 10-12 | 13-15 | 16-18 || total
-------------------------+-------+-------+-------+-------+-------+-------++-------
Melee: Long sword        |   131 |   140 |   452 |   982 |   970 |       ||  2675
       Headbutt          |    20 |    24 |    91 |   217 |   358 |   235 ||   945
       Scimitar          |       |       |       |       |   382 |   875 ||  1257
Throw: Tomahawk          |       |     1 |    13 |    24 |    86 |    53 ||   177
       Javelin           |       |       |       |       |       |    44 ||    44
Invok: Curse Item        |       |     1 |     2 |     2 |     3 |     1 ||     9
       Scrying           |       |       |       |       |       |     1 ||     1
 Abil: Evoke Berserk Rag |       |       |       |     7 |     7 |     8 ||    22
Evoke: Wand              |       |       |       |     5 |     6 |    12 ||    23
  Use: Potion            |       |     4 |     3 |     7 |    10 |     4 ||    28
       Scroll            |       |     8 |     7 |     9 |    11 |    11 ||    46
  Eat: Chunk             |     1 |     7 |    14 |    40 |    30 |    19 ||   111
       Ration            |       |       |     2 |     1 |     4 |     6 ||    13
Armor: Scale mail        |     3 |       |       |       |       |       ||     3
       Plate armour      |    88 |    85 |   170 |   308 |   440 |   368 ||  1459
Dodge: Dodged            |    25 |    28 |    72 |   150 |   223 |   323 ||   821
Block: Shield            |    66 |    56 |   210 |   536 |   728 |   628 ||  2224
       Buckler           |       |       |       |       |    15 |       ||    15
       Rpst.: Long sword |     5 |     8 |    20 |    43 |    37 |       ||   113
       Scimitar          |       |       |       |       |    20 |    68 ||    88
